Map: Dasan Station LE

Players

Gracz - Winner!

  • Race: Zerg Zerg
  • League: Silver

Broadwell

  • Race: Terran Terran
  • League: Bronze

VOD

Have the link to the VOD?

Description

Time

  • Played on: Oct. 9, 2016, 12:21 p.m.
  • Length: 3:55
Show
View Real Time Build Order
Export as new Build Order

Gracz Zerg - Winner!

Build Orders: Pool First 

Get SALT Encoding   

  12  0:01  Drone  
  13  0:23  Drone  
  14  0:35  Spawning Pool  
  13  0:46  Drone  
  13  0:48  Overlord  
  14  1:14  Drone  
  14  1:15  Hatchery  
  14  1:25  Zergling x4  
  16  1:32  Extractor  
  15  1:49  Hatchery  
  14  2:04  Roach Warren  
  13  2:10  Drone x2  
  14  2:28  Zergling x2  
  14  2:29  Zergling x2  
  16  2:30  Zergling x2  
  17  3:08  Roach x2  
Show
View Real Time Build Order
Export as new Build Order

Broadwell Terran 

Build Orders:  

Get SALT Encoding   

  12  0:02  SCV  
  14  0:14  SCV  
  14  0:22  Supply Depot  
  14  0:29  Refinery, SCV  
  15  0:47  Barracks  
  15  0:56  Engineering Bay  
  15  0:57  SCV  
  16  1:10  SCV  
  17  1:25  Supply Depot, SCV  
  18  1:36  Marine  
  19  1:49  Bunker, Supply Depot  
  19  1:54  Marine  
  19  1:57  SCV  
  21  2:11  Marine  
  22  2:17  Factory  
  20  2:29  Marine  
  18  2:47  Marine  
  18  3:05  Marine  
  19  3:10  Bunker  
  17  3:41  Barracks  
Tags
 
Add a new tag
Caveats
  • Supply blocks, unpowered buildings, or Contaminate may cause inaccurate times.
  • Supply counts are checked every 10 seconds.